Map: Tête de pont EC (Void)

Players

ExGPuNNisheR

  • Race: Protoss Protoss
  • League: Gold

AgCl - Winner!

  • Race: Protoss Protoss
  • League: Gold

VOD

Have the link to the VOD?

Description

Time

  • Played on: July 18, 2015, 12:49 a.m.
  • Length: 10:02
Show
View Real Time Build Order
Export as new Build Order

ExGPuNNisheR Protoss 

Build Orders: Blink Stalkers 

Get SALT Encoding   

  12  0:01  Probe  
  13  0:16  Pylon  
  13  0:17  Probe  
  14  0:34  Probe (Chrono Boost)  
  15  0:44  Gateway, Probe (Chrono Boost)  
  16  0:51  Probe  
  17  0:57  Gateway  
  17  1:03  Probe  
  18  1:09  Pylon  
  18  1:15  Probe (Chrono Boost)  
  19  1:20  Assimilator  
  20  1:25  Probe (Chrono Boost)  
  20  1:31  Cybernetics Core  
  21  1:32  Probe  
  21  1:37  Zealot  
  23  1:44  Probe  
  23  1:46  Zealot  
  26  1:50  Assimilator  
  26  1:56  Pylon  
  26  1:57  Probe  
  27  2:08  Warp Gate (Chrono Boost)  
  27  2:09  Probe (Chrono Boost)  
  27  2:14  Adept  
  30  2:17  Adept  
  30  2:21  Probe (Chrono Boost)  
  33  2:25  Pylon  
  34  2:30  Probe (Chrono Boost)  
  33  2:41  Probe (Chrono Boost)  
  32  2:45  Adept  
  32  2:47  Adept  
  37  2:52  Probe (Chrono Boost)  
  37  2:58  Probe  
  38  3:10  Twilight Council, Probe  
  39  3:22  Probe  
  39  3:23  Pylon  
  40  3:31  Gateway  
  40  3:32  Gateway  
  40  3:46  Blink (Chrono Boost)  
  40  4:04  Stalker x2  
  40  4:26  Stalker  
  40  4:27  Stalker  
  40  4:30  Probe  
  45  4:41  Nexus  
  45  4:56  Stalker x3  
  49  5:05  Stalker  
  49  5:06  Probe  
  52  5:21  Zealot  
  50  5:31  Zealot x2  
  54  5:37  Pylon  
  52  5:49  Stalker x2  
  50  5:51  Stalker  
  40  6:12  Stalker  
  40  6:13  Stalker x2  
  46  6:35  Zealot  
  46  6:36  Zealot x3  
  44  7:05  Stalker x4  
  44  7:11  Probe (Chrono Boost)  
  46  7:16  Probe (Chrono Boost)  
  46  7:37  Dark Shrine  
  46  7:40  Robotics Facility  
  34  8:11  Probe (Chrono Boost)  
  36  8:12  Probe (Chrono Boost)  
  36  8:18  Stalker  
  36  8:19  Stalker x2  
  42  8:21  Probe (Chrono Boost)  
  42  8:23  Probe (Chrono Boost)  
  42  8:27  Observer  
  45  8:28  Probe  
  45  8:33  Probe  
  47  8:39  Assimilator  
  47  8:41  Assimilator  
  47  8:50  Pylon  
  47  8:58  Dark Templar  
  51  9:09  Zealot x3  
  57  9:41  Dark Templar x3, Pylon  
Show
View Real Time Build Order
Export as new Build Order

AgCl Protoss - Winner!

Build Orders: Oracle Opening 

Get SALT Encoding   

  12  0:18  Pylon  
  12  0:19  Probe  
  13  0:31  Probe  
  14  0:39  Gateway  
  14  0:44  Probe  
  14  0:48  Assimilator  
  15  0:56  Probe  
  16  1:08  Probe  
  17  1:20  Probe (Chrono Boost)  
  17  1:23  Assimilator  
  17  1:25  Pylon  
  18  1:28  Zealot (Chrono Boost)  
  18  1:31  Cybernetics Core, Probe (Chrono Boost)  
  21  1:37  Probe (Chrono Boost)  
  22  1:49  Probe (Chrono Boost)  
  23  1:56  Probe (Chrono Boost)  
  24  2:06  Probe  
  25  2:12  Stargate  
  25  2:17  Warp Gate (Chrono Boost)  
  25  2:18  Probe  
  26  2:24  Gateway  
  26  2:30  Probe  
  27  2:42  Probe (Chrono Boost)  
  26  2:49  Nexus  
  26  2:53  Mothership Core (Chrono Boost)  
  28  3:09  Probe  
  29  3:15  Pylon  
  29  3:21  Probe  
  30  3:28  Pylon  
  30  3:32  Oracle (Chrono Boost), Robotics Facility  
  30  3:33  Probe  
  34  3:45  Probe  
  35  3:57  Probe  
  35  3:59  Void Ray (Chrono Boost)  
  40  4:21  Gateway, Immortal  
  40  4:22  Probe  
  45  4:24  Probe, Pylon  
  46  4:39  Probe (Chrono Boost)  
  46  4:44  Probe (Chrono Boost)  
  48  4:46  Assimilator  
  48  4:49  Probe (Chrono Boost), Adept  
  52  4:52  Probe (Chrono Boost)  
  52  5:05  Immortal (Chrono Boost), Void Ray (Chrono Boost)  
  58  5:09  Probe  
  58  5:12  Adept  
  58  5:13  Probe  
  62  5:16  Assimilator  
  62  5:21  Probe  
  62  5:25  Probe  
  64  5:33  Probe  
  64  5:35  Adept, Void Ray  
  64  5:37  Probe  
  61  5:59  Adept  
  61  6:02  Immortal (Chrono Boost)  
  61  6:04  Mothership Core  
  63  6:09  Gateway  
  63  6:11  Pylon  
  63  6:12  Gateway  
  63  6:13  Pylon  
  63  6:14  Gateway  
  63  6:20  Gateway  
  63  6:22  Twilight Council  
  63  6:30  Void Ray (Chrono Boost)  
  67  6:34  Probe  
  67  6:37  Observer  
  67  6:38  Probe  
  70  6:46  Probe, Zealot  
  71  6:49  Pylon  
  71  6:50  Probe  
  70  7:05  Void Ray  
  68  7:15  Pylon  
  76  7:16  Immortal (Chrono Boost)  
  76  7:20  Pylon x2  
  76  7:23  Pylon  
  76  7:24  Dark Shrine  
  76  7:33  Probe x2  
  76  7:34  Adept  
  76  7:35  Adept  
  81  7:45  Probe  
  81  7:48  Stargate  
  81  7:53  Stalker, Adept  
  81  8:00  Stalker  
  81  8:01  Zealot  
  81  8:03  Zealot  
  81  8:05  Warp Prism (Chrono Boost)  
  89  8:15  Forge  
  89  8:21  Pylon  
  89  8:27  Probe  
  90  8:31  Gateway  
  90  8:33  Gateway, Zealot x2  
  90  8:34  Pylon  
  94  8:52  Pylon  
  94  9:02  Photon Cannon  
  94  9:07  Pylon  
  94  9:10  Fleet Beacon  
  94  9:13  Pylon  
  94  9:20  Dark Templar  
  94  9:21  Dark Templar  
  98  9:28  Zealot  
  98  9:29  Zealot  
  92  9:55  Archon  
Tags
 
Add a new tag
Caveats
  • Supply blocks, unpowered buildings, or Contaminate may cause inaccurate times.
  • Supply counts are checked every 10 seconds.